 Dungeon Sprint DCSS version 0.27-a0-550-ge92ec0ca06 (webtiles) character file.

Game seed: 14055882902781577062

956 rocky1 the Geomancer (level 8, -3/54 HPs)
             Began as an Octopode Earth Elementalist on Mar 8, 2021.
             Was a High Priest of Sif Muna.
             Slain by a boulder beetle (23 damage)
             ... in the Dungeon (Sprint VII: "The Pits").
             The game lasted 00:05:25 (846 turns).

rocky1 the Geomancer (Octopode Earth Elementalist)   Turns: 846, Time: 00:05:26

Health: -3/54      AC:  1    Str:  7    XL:     8   Next: 14%
Magic:  0/17       EV: 14    Int: 19    God:    Sif Muna [*****.]
Gold:   0          SH:  0    Dex: 13    Spells: 6/19 levels left

rFire    . . .     SeeInvis .   l - +2 quarterstaff (protect)
rCold    . . .     Faith    .   (shield currently unavailable)
rNeg     . . .     Spirit   .   (helmet restricted)
rPois    .         Reflect  .   (no amulet)
rElec    .         Harm     .   (no ring)
rCorr    .         Rampage  .   (no ring)
Will     .....     NoTele   +   (no ring)
Stlth    +++.......             (no ring)
HPRegen  0.18/turn              (no ring)
MPRegen  0.15/turn              (no ring)
                                (no ring)
                                (no ring)

@: no status effects
A: almost no armour, amphibious, 8 rings, constrict 8, camouflage 1, gelatinous
body 1, nimble swimmer 1
a: Renounce Religion, Channel Magic, Forget Spell, Divine Exegesis


You were in the Dungeon.
You worshipped Sif Muna.
Sif Muna was extremely pleased with you.
You visited 1 branch

Inventory:

Hand Weapons
 l - a +2 quarterstaff of protection (weapon)
Missiles
 b - 10 stones
Scrolls
 i - 5 scrolls of amnesia
 j - a scroll of summoning
Potions
 a - 2 potions of invisibility
 c - 5 potions of curing
 e - a potion of haste
 f - 2 potions of magic
 g - 3 potions of berserk rage


   Skills:
 + Level 3.7 Fighting
 + Level 6.8 Staves
 + Level 3.9 Dodging
 - Level 2.6 Stealth
 - Level 1.9 Unarmed Combat
 + Level 6.0 Spellcasting
 + Level 1.3 Conjurations
 + Level 1.9 Transmutations
 + Level 12.2 Earth Magic
 + Level 5.6 Invocations


You had 6 spell levels left.
You knew the following spells:

 Your Spells              Type           Power      Damage    Failure   Level
a - Sandblast             Erth           100%       2d20      1%          1
b - Stone Arrow           Conj/Erth      62%        3d10      1%          3
c - Lee's Rapid Deconstr  Erth           25%        3d15*     1%          5
d - Petrify               Tmut/Erth      32%        N/A       6%          4

Your spell library contained the following spells:

 Spells                   Type           Power      Damage    Failure   Level
 Passwall                 Tmut/Erth      26%        N/A       1%          2
 Ensorcelled Hibernation  Hex/Ice        10%        N/A       17%         2
 Tukima's Dance           Hex            5%         N/A       32%         3
 Manifold Assault         Tloc           5%         N/A       73%         4
 Metabolic Englaciation   Hex/Ice        2%         N/A       97%         5
 Summon Mana Viper        Hex/Summ       5%         N/A       97%         5


Dungeon Overview and Level Annotations

Branches:
Dungeon (1/1)

Altars:
Ashenzari
Cheibriados
Dithmenos
Elyvilon
Fedhas
Gozag
Hepliaklqana
Kikubaaqudgha
Makhleb
Nemelex Xobeh
Okawaru
Qazlal
Ru
Sif Muna
Trog
Uskayaw
Vehumet
Wu Jian
Xom
Yredelemnul
Zin
The Shining One
Beogh
Jiyva
Lugonu


Innate Abilities, Weirdness & Mutations

You cannot wear most types of armour.
You are amphibious.
You can wear up to eight rings at the same time.
You can use your tentacles to constrict eight enemies at once.
Your skin changes colour to match your surroundings (Stealth+).
Your rubbery body absorbs attacks. (AC +1, EV +1)
You are stealthy while swimming. (Stealth+)


Message History

Confirm with . or Enter, or press ? or * to list all spells.
Aiming: Lee's Rapid Deconstruction (dangerous; 1% risk of failure)
Press: ? - help, Dir - move target A metal wall.
The metal wall shatters!
The blast of metal fragments hits the boulder beetle but does no damage.
The boulder beetle is moderately wounded.
Unknown command.
Casting: Lee's Rapid Deconstruction (dangerous; 1% risk of failure)
Confirm with . or Enter, or press ? or * to list all spells.
Aiming: Lee's Rapid Deconstruction (dangerous; 1% risk of failure)
Press: ? - help, Dir - move target A metal wall.
The metal wall shatters!
The blast of metal fragments hits the boulder beetle.
The boulder beetle is moderately wounded.
The boulder beetle curls into a ball and begins rolling!
Blink to where?
Press: ? - help, Dir - move target
As you read the scroll of blinking, it crumbles to dust.
Casting: Lee's Rapid Deconstruction (dangerous; 1% risk of failure)
Confirm with . or Enter, or press ? or * to list all spells.
Aiming: Lee's Rapid Deconstruction (dangerous; 1% risk of failure)
Press: ? - help, Dir - move target A metal wall.
The metal wall shatters!
The blast of metal fragments hits the boulder beetle!
The boulder beetle is heavily wounded.
Unknown command.
Casting: Lee's Rapid Deconstruction (dangerous; 1% risk of failure)
Confirm with . or Enter, or press ? or * to list all spells.
You don't have enough magic to cast this spell.
Unknown command.
You fail to use your ability.
Unknown command.
Casting: Lee's Rapid Deconstruction (dangerous; 1% risk of failure)
Confirm with . or Enter, or press ? or * to list all spells.
You don't have enough magic to cast this spell.
The boulder beetle hits you!!
You die...

#.#........##.....
#)#........##.....
#)###########.....
#.......#..#######
#..#.#..#†# ####
#.##.##.#)#....#
#.......#°#....#
#.##.##.#°)†...+
#@B#.#..#'#....#
#..○°...'.# ...#
########### ###


You could see a boulder beetle.

Vanquished Creatures
  3 flying skulls (D)
  A black bear (D)
  An orc warrior (D)
  2 centaurs (D)
  A crimson imp (D)
  A jelly (D)
  A worker ant (D)
  2 gnolls (D)
  An ufetubus (D)
  2 oozes (D)
  A worm (D)
  4 orcs (D)
  A goblin (D)
  A hobgoblin (D)
  2 jackals (D)
  A quokka (D)
  A kobold (D)
  A rat (D)
27 creatures vanquished.

Notes
Turn   | Place    | Note
-------+----------+-------------------------------------------
     0 | D        | rocky1 the Octopode Earth Elementalist began the quest for
                  | the Orb.
     0 | D        | Reached XP level 1. HP: 11/11 MP: 3/3
    23 | D        | Reached skill level 4 in Earth Magic
    50 | D        | Found a bloodstained altar of Trog.
    50 | D        | Found a shimmering blue altar of Sif Muna.
    50 | D        | Found a viscous altar of Jiyva.
    50 | D        | Found a hazy altar of Hepliaklqana.
    50 | D        | Found an opulent altar of Gozag.
    51 | D        | Found a glowing golden altar of the Shining One.
    51 | D        | Found a glowing silver altar of Zin.
    51 | D        | Found a basalt altar of Yredelemnul.
    51 | D        | Found a shimmering altar of Xom.
    51 | D        | Found an ornate altar of the Wu Jian Council.
    51 | D        | Found a sacrificial altar of Ru.
    51 | D        | Found a stormy altar of Qazlal.
    51 | D        | Found an iron altar of Okawaru.
    51 | D        | Found a sparkling altar of Nemelex Xobeh.
    51 | D        | Found a burning altar of Makhleb.
    51 | D        | Found a blossoming altar of Fedhas.
    51 | D        | Found a white marble altar of Elyvilon.
    51 | D        | Found a shadowy altar of Dithmenos.
    51 | D        | Found a snail-covered altar of Cheibriados.
    53 | D        | Found a radiant altar of Vehumet.
    53 | D        | Found a corrupted altar of Lugonu.
    54 | D        | Found a hide-covered altar of Uskayaw.
    54 | D        | Found an ancient bone altar of Kikubaaqudgha.
    54 | D        | Found a broken altar of Ashenzari.
    56 | D        | Became a worshipper of Sif Muna the Loreminder
   113 | D        | Reached * piety under Sif Muna
   114 | D        | Reached skill level 5 in Earth Magic
   114 | D        | Reached XP level 2. HP: 17/17 MP: 0/5
   117 | D        | Reached skill level 6 in Earth Magic
   168 | D        | Reached ** piety under Sif Muna
   169 | D        | Reached skill level 1 in Staves
   169 | D        | Reached XP level 3. HP: 17/21 MP: 4/6
   181 | D        | Reached skill level 7 in Earth Magic
   502 | D        | Noticed a centaur
   502 | D        | Noticed a flying skull
   502 | D        | Noticed a flying skull
   502 | D        | Noticed an orc warrior
   512 | D        | Killed a centaur
   513 | D        | Reached skill level 1 in Fighting
   513 | D        | Reached skill level 1 in Unarmed Combat
   513 | D        | Reached skill level 9 in Earth Magic
   513 | D        | Reached XP level 4. HP: 14/28 MP: 1/7
   513 | D        | Reached XP level 5. HP: 17/33 MP: 1/8
   515 | D        | Killed an orc warrior
   515 | D        | Reached *** piety under Sif Muna
   516 | D        | Reached skill level 5 in Staves
   516 | D        | Reached skill level 10 in Earth Magic
   521 | D        | Killed a flying skull
   522 | D        | Reached skill level 11 in Earth Magic
   522 | D        | Reached XP level 6. HP: 19/41 MP: 2/11
   526 | D        | Killed a flying skull
   527 | D        | Reached XP level 7. HP: 27/45 MP: 11/14
   530 | D        | Reached **** piety under Sif Muna
   575 | D        | Learned a level 3 spell: Stone Arrow
   581 | D        | Learned a level 5 spell: Lee's Rapid Deconstruction
   586 | D        | Learned a level 4 spell: Petrify
   687 | D        | Noticed a flying skull
   693 | D        | Killed a flying skull
   693 | D        | Reached ***** piety under Sif Muna
   694 | D        | Reached skill level 5 in Spellcasting
   694 | D        | Reached skill level 12 in Earth Magic
   694 | D        | Reached skill level 5 in Invocations
   791 | D        | Identified Sif Muna's Incunabulum of the Enthralling
                  | Traveller (Sif Muna gifted it to you in the Dungeon)
   791 | D        | Received a gift from Sif Muna
   826 | D        | Noticed a boulder beetle
   832 | D        | Reached XP level 8. HP: 32/52 MP: 0/16
   834 | D        | HP: 2/52 [boulder beetle (24)]
   839 | D        | Reached skill level 1 in Conjurations
   846 | D        | Slain by a boulder beetle

Illustrated notes

Levels and vault maps discovered:
D:        pitsprint [storerooms_1, entrance_room_1, metal_vault_1, armoury_2,
          mini_pit_1, grid_room_1, main_hall_1, silver_pit, the_coven_2,
          the_vestibule_1, steel_vault_1, golden_pit, hallway_of_sentries,
          crystal_vault_4, iron_vault_3, final_vault]

Skill      XL: |  1  2  3  4  5  6  7  8 |
---------------+-------------------------+-----
Earth Magic    | 5 6 9 11 12 | 12.2
Staves         | 1 3 5 6 |  6.8
Fighting       | 1 2 3 |  3.7
Unarmed Combat | 1 |  1.9
Spellcasting   | 3 4 5 6 |  6.0
Invocations    | 3 4 5 |  5.6
Dodging        | 3 |  3.9
Conjurations   | 1 |  1.3
Stealth        | |  2.6
Transmutations | |  1.9

Action                   |  1- 3 |  4- 6 |  7- 9 || total
-------------------------+-------+-------+-------++-------
Melee: Unarmed           |     9 |       |       ||     9
       Quarterstaff      |    11 |       |     9 ||    20
       Constrict         |     3 |       |     3 ||     6
       Tentacles         |     2 |       |     1 ||     3
 Cast: Sandblast         |    14 |     9 |     7 ||    30
       Lee's Rapid Decon |       |       |    11 ||    11
Invok: Channel Magic     |       |       |     1 ||     1
  Use: Potion            |     1 |     5 |     3 ||     9
       Scroll            |       |       |     1 ||     1
 Stab: Sleeping          |       |       |     1 ||     1
Armor: Skin              |     3 |     1 |     3 ||     7
Dodge: Dodged            |    18 |     6 |     8 ||    32

Table legend: (Time is in decaauts)
 A = Elapsed time spent in this place.
 B = Non-inter-level travel time spent in this place.
 C = Inter-level travel time spent in this place.
 D = Time resting spent in this place.
 E = Time spent auto-exploring this place.
 F = Levels seen in this place.
 G = Mean time per level.
                   A        B        C        D        E       F      G
               +--------+--------+--------+--------+--------+-----+--------+
         Total |    847 |    847 |      0 |    580 |      0 |   1 |  847.0 |
       Dungeon |    847 |    847 |      0 |    580 |      0 |   1 |  847.0 |
               +--------+--------+--------+--------+--------+-----+--------+

Top non-repeatable levels by time:
       D: 847 daAuts
